Description

TEST BUILD

The target is to have 2 economically developed bases, 10 adepts with resonating glaives and 6 stalkers by 5:30.

The build provides a player with 2 zealots and a mothership core by 2:40 to prevent possible early harassment.

Build Order

Get SALT Encoding   

  13  0:02  Probe (Chrono Boost)  
  14  0:13  Probe (Chrono Boost)  
  14  0:17  Pylon  
  15  0:24  Probe (Chrono Boost)  
  16  0:35  Probe (Chrono Boost)  
  16  0:39  Gateway  
  17  0:45  Probe (Chrono Boost)  
  17  0:48  Assimilator  
  18  0:56  Probe (Chrono Boost)  
  19  1:07  Probe (Chrono Boost)  
  20  1:17  Probe (Chrono Boost), Gateway  
  20  1:28  Nexus  
  21  1:31  Probe (Chrono Boost), Action (Move Probes to Gas)  
  21  1:40  Cybernetics Core  
  22  1:44  Probe (Chrono Boost)  
  22  1:50  Pylon  
  23  1:54  Probe (Chrono Boost)  
  28  2:08  Probe (Chrono Boost), Zealot x2  
  28  2:15  Assimilator  
  30  2:19  Mothership Core (Chrono Boost)  
  30  2:22  Pylon  
  30  2:30  Gateway  
  32  2:38  Probe x2 (Chrono Boost)  
  34  2:41  Adept  
  36  2:49  Probe x2 (Chrono Boost)  
  38  2:51  Adept, Warp Gate  
  40  2:59  Probe x2 (Chrono Boost), Action (Move Probes to Gas)  
  42  3:08  Adept  
  44  3:10  Probe x2 (Chrono Boost)  
  46  3:18  Adept  
  48  3:21  Probe x2 (Chrono Boost), Pylon  
  48  3:26  Twilight Council  
  50  3:32  Probe x2 (Chrono Boost)  
  52  3:36  Stalker  
  54  3:39  Adept  
  56  3:42  Probe x2 (Chrono Boost)  
  58  3:46  Adept  
  60  3:53  Probe x2 (Chrono Boost), Pylon  
  60  4:03  Resonating Glaives  
  62  4:07  Adept (Chrono Boost)  
  66  4:12  Adept x2 (Chrono Boost)  
  66  4:17  Pylon  
  66  4:32  Warp Gate x3  
  68  4:40  Stalker (Chrono Boost)  
  72  4:47  Stalker x2 (Chrono Boost)  
  76  5:03  Stalker x2 (Chrono Boost)  
  78  5:10  Adept (Chrono Boost)  
Spawning Tool Build Advisor. Get it on Overwolf

Analysis

What we have by 5:30 is as follows.

Income: 1412M 228G

Buildings: 2 Nexus, 2 Assimilators, 6 Pylons, 3 Warp Gates, 1 Cybernetics Core, 1 Twilight Council.

Units: 40 Probes, 2 Zealots, 6 Stalkers, 10 Adepts, 1 Mothership Core.

Research: Warp Gate Transformation, Resonating Glaives (both are completed).

Go to:

Details

  • Created by: Turir
  • Published on: Feb 11, 2017
  • Modified on: Feb 14, 2017
  • Patch: 3.8.0
Show
View Real Time Build Order
Export as new Build Order

Comments (0)

There are no comments. Be the first!

Create an account to comment!